 Dungeon Crawl Stone Soup version 0.28.0-49-g6dfe1f597d (webtiles) character file.

Game seed: 6561112350888503825

6 nickcage the Stinger (level 1, 0/9 HPs)
             Began as a Spriggan Venom Mage on May 18, 2022.
             Frozen to death by an endoplasm (4 damage)
             ... on level 1 of the Dungeon.
             The game lasted 00:01:01 (194 turns).

nickcage the Stinger (Spriggan Venom Mage)           Turns: 194, Time: 00:01:02

Health: 0/9        AC:  2    Str:  4    XL:     1   Next: 75%
Magic:  1/5        EV: 17    Int: 16    God:
Gold:   0          SH:  0    Dex: 15    Spells: 4/5 levels left

rFire   . . .      SeeInvis +   b - +0 whip
rCold   . . .      Faith    .   (no shield)
rNeg    . . .      Spirit   .   a - +0 robe
rPois   .          Reflect  .   (helmet restricted)
rElec   .          Harm     .   (no cloak)
rCorr   .          Rampage  .   (gloves unavailable)
Will    .....                   (boots unavailable)
Stlth   ++........              (no amulet)
HPRegen 0.03/turn               (no ring)
MPRegen 0.09/turn               (no ring)

@: very quick
A: very small, no large weapons, unfitting armour, see invisible, speed 3
a: no special abilities


You were on level 1 of the Dungeon.
You visited 1 branch of the dungeon, and saw 1 of its levels.

Inventory:

Hand Weapons
 b - a +0 whip (weapon)
Missiles
 c - a throwing net
Armour
 a - a +0 robe (worn)
Scrolls
 d - a scroll of teleportation {unknown}


   Skills:
 - Level 2.6 Dodging
 - Level 3.0 Stealth
 + Level 2.7 Spellcasting
 + Level 1.4 Transmutations
 + Level 3.3 Poison Magic


You had 4 spell levels left.
You knew the following spells:

 Your Spells              Type           Power      Damage    Failure   Level
a - Sting                 Tmut/Pois      36%        1d4       7%          1

Your spell library contained the following spells:

 Spells                   Type           Power      Damage    Failure   Level
 Poisonous Vapours        Pois/Air       14%        N/A       14%         2
 Mephitic Cloud           Conj/Pois/Air  5%         N/A       36%         3
 Olgreb's Toxic Radiance  Pois           13%        N/A       43%         4


Dungeon Overview and Level Annotations

Branches:
Dungeon (1/15)

Altars:


Innate Abilities, Weirdness & Mutations

You are very small and have problems with some larger weapons.
You are too small for most types of armour.
You have supernaturally acute eyesight. (SInv)
You cover ground extremely quickly. (Speed+++)


Message History

You hit the bat.
The bat is severely wounded.
The bat completely misses you. The bat closely misses you. The bat misses you.
You hit the bat but do no damage.
The bat is severely wounded.
The bat hits you but does no damage. The bat barely misses you.
You barely miss the bat.
The bat is severely wounded.
The bat closely misses you. The bat closely misses you. x2
You hit the bat.
You kill the bat!
d - a scroll labelled UHOUGIUFUC You see here a hobgoblin corpse.
You start resting.
Magic restored.
You start resting.
HP restored.
The sting hits the endoplasm.
The endoplasm is poisoned.
The endoplasm is lightly wounded.
The sting hits the endoplasm.
The endoplasm partially resists.
The endoplasm is moderately wounded.
The endoplasm barely misses you.
The sting hits the endoplasm.
The endoplasm looks even sicker.
The endoplasm is heavily wounded.
The endoplasm freezes you.
You are frozen.
Ouch! That really hurt!
You are too injured to fight recklessly!
You are too injured to fight recklessly!
Aiming: Sting (safe; 7% risk of failure)
Press: ? - help, Q - select action, (/) - cycle Shift-Dir - straight line, f/p - endoplasm
Aim: an endoplasm (severely wounded, very poisoned, 97% to hit)
The sting hits the endoplasm.
The endoplasm partially resists.
The endoplasm is almost dead.
The endoplasm freezes you.
You are frozen.
You die...

..... ....
#######.... #
#.......#.#
#.#.##...##.#
#.#.........#
#...#.†...###
###.#.......#
#?@.....#.#.#
#J##..#.###.#
....#.
#.#..†......#
....#.
#.##....#####
....#.
#.#.....#
......#
#.......#
#.....#
#.......#
#.##..#######
#.......#
.....>....†.#
##......#


You could see an endoplasm (very poisoned).

Vanquished Creatures
  A ball python (D:1)
  A bat (D:1)
  2 hobgoblins (D:1)
  A frilled lizard (D:1)
5 creatures vanquished.

Notes
Turn   | Place    | Note
-------+----------+-------------------------------------------
     0 | D:1      | nickcage the Spriggan Venom Mage began the quest for the
                  | Orb.
     0 | D:1      | Reached XP level 1. HP: 9/9 MP: 5/5
   194 | D:1      | Frozen to death by an endoplasm

Illustrated notes

Levels and vault maps discovered:
D:1:      tarquinn_simple_flora_water_a, layout_basic

Action                   || total
-------------------------++-------
Melee: Whip              ||    15
 Cast: Sting             ||    12
Armor: Robe              ||     7
Dodge: Dodged            ||    23
